 Dungeon Crawl Stone Soup version 0.31.0-11-ge490571c62 (webtiles) character file.

Game seed: 11153325308600147927

832 Zeor the Slasher (level 7, -5/64 HPs)
             Began as a Minotaur Monk on Feb 5, 2024.
             Was a Believer of the Shining One.
             Slain by a gnoll sergeant
             ... wielding a +0 spear
              (7 damage)
             ... on level 5 of the Dungeon.
             The game lasted 00:09:52 (3751 turns).

Zeor the Slasher (Minotaur Monk)                    Turns: 3751, Time: 00:09:52

Health: -5/64      AC:  4    Str: 15    XL:     7   Next: 65%
Magic:  7/7        EV: 13    Int:  7    God:    the Shining One [**....]
Gold:   228        SH:  0    Dex: 15    Spells: 6/6 levels left

rFire   . . .        a - +0 falchion (venom)
rCold   . . .        d - orb {light}
rNeg    + . .        m - +0 leather armour
rPois   .            (helmet restricted)
rElec   .            (no cloak)
rCorr   .            (no gloves)
SInv    .            f - +0 pair of boots
Will    .....        e - amulet of faith
Stlth   +            (no ring)
HPRegen 0.30/turn    (no ring)
MPRegen 0.10/turn

%: faith
@: attractive, glowing
A: horns 2, retaliatory headbutt
a: Renounce Religion, Divine Shield


You were on level 5 of the Dungeon.
You worshipped the Shining One.
The Shining One was pleased with you.
You visited 1 branch of the dungeon, and saw 5 of its levels.

You collected 228 gold pieces.

Inventory:

Hand Weapons
 a - a +0 falchion of venom (weapon)
Armour
 d - an orb of light (worn)
 f - a +0 pair of boots (worn)
 m - a +0 leather armour (worn)
Jewellery
 e - an amulet of faith (around neck)
Wands
 k - a wand of polymorph (7)
Scrolls
 g - 2 scrolls of teleportation
 j - a scroll of poison
Potions
 c - 3 potions of ambrosia
 h - 4 potions of heal wounds
 i - a potion of curing
 l - a potion of attraction


   Skills:
 * Level 6.5 Fighting
 + Level 7.6 Long Blades
 * Level 0.6 Armour
 + Level 5.1 Dodging
 + Level 1.0 Stealth
 * Level 2.3 Invocations


You had 6 spell levels left.
You didn't know any spells.
Your spell library contained the following spells:

 Spells                   Type           Power      Damage    Failure   Level
 Jinxbite                 Hex            0%         N/A       65%         2
 Inner Flame              Hex/Fire       0%         N/A       86%         3
 Irradiate                Conj/Alch      0%         3d11      100%        5
 Yara's Violent Unravell  Hex/Alch       0%         3d3       100%        5
 Enfeeble                 Hex            0%         N/A       100%        7
 Haunt                    Necr/Summ      0%         N/A       100%        7
 Borgnjor's Revivificati  Necr           0%         N/A       100%        8
 Ignition                 Fire           0%         3d3       100%        8
 Death's Door             Necr           0%         N/A       100%        9


Dungeon Overview and Level Annotations

Branches:
Dungeon (5/15)
 Temple: D:4-7

Altars:
Trog
Uskayaw
The Shining One

Shops:
D:5 (


Innate Abilities, Weirdness & Mutations

You have a pair of horns on your head.
You reflexively headbutt those who attack you in melee.


Message History

You kill the gnoll!
You hit the gnoll.
The gnoll is poisoned.
The gnoll is lightly wounded.
The gnoll barely misses you. The gnoll sergeant closely misses you.
The gnoll hits you with a +0 spear!
The gnoll sergeant is attracted toward you.
You hit the gnoll sergeant but do no damage.
The gnoll sergeant is poisoned.
You headbutt the gnoll sergeant, but do no damage.
The gnoll misses you. The gnoll closely misses you.
The gnoll sergeant hits you with a +0 spear!
The gnoll completely misses you. You furiously retaliate!
You headbutt the gnoll, but do no damage.
You slash the gnoll sergeant!
The gnoll sergeant is moderately wounded.
You kill the gnoll!
The gnoll closely misses you. The gnoll hits you with a +0 whip.
The gnoll sergeant hits you but does no damage.
Unknown command.
You hit the gnoll sergeant but do no damage.
The gnoll sergeant looks as sick as possible!
You headbutt the gnoll sergeant.
The gnoll sergeant is heavily wounded.
The gnoll closely misses you. x2
The gnoll sergeant hits you with a +0 spear.
You slash the gnoll!
The gnoll looks as sick as possible!
The gnoll is almost dead.
You kill the gnoll!
The gnoll hits you from afar with a +0 halberd.
The gnoll sergeant misses you. You furiously retaliate!
You headbutt the gnoll sergeant. The gnoll hits you with a +0 halberd.
The gnoll sergeant hits you with a +0 spear!
* * * LOW HITPOINT WARNING * * *
You see here a +0 spear.
You barely miss the gnoll. Your headbutt misses the gnoll.
The gnoll hits you with a +0 halberd!
* * * LOW HITPOINT WARNING * * *
The gnoll sergeant hits you with a +0 spear!
You die... ▒ ∙∙ ▒ ∙∙∙ ▒ ∙∙∙∙ ▒ ∙∙∙∙▒▒▒▒▒▒▒▒▒▒▒▒▒▒▒▒▒▒▒▒ ∙∙∙∙∙∙∙∙∙∙∙∙∙∙∙∙∙∙∙∙∙∙∙∙ ▒∙∙∙▒▒▒▒)∙≈≈≈#∙∙▄∙∙≈≈≈≈∙ ∙∙∙∙∙∙∙g∙∙)∙∙∙∙∙∙∙∙∙∙∙∙∙

∙∙∙∙∙'gH)∙∙▒▒▒▒▒▒▒▒▒▒▒▒▒
▒∙∙∙▒▒∙∙∙∙∙▒ ▒ ▒∙
▒∙∙∙∙∙▒ ▒ ∙∙∙∙∙"∙∙▒ ▒
∙∙∙∙∙∙∙∙∙▒ ▒ ∙∙▒▒∙∙▒▒▒▒▒
▒∙∙∙∙ ▒▒ ▒∙∙▒ ▒∙∙∙∙ ∙∙∙▒
▒∙∙∙∙ ▒∙∙∙∙


You could see a gnoll sergeant (very poisoned) and a gnoll.

Vanquished Creatures
  An ogre (D:4)
  2 phantoms (D:4)
  A scorpion (D:4)
  A bombardier beetle (D:4)
  2 hounds
  2 orc priests
  Terence (D:3)
  Natasha (thrice) (D:3)
  2 orc wizards
  6 adders
  10 gnolls
  A ribbon worm (D:3)
  4 dart slugs
  10 orcs
  6 endoplasms
  3 giant cockroaches
  4 goblins
  5 hobgoblins
  4 jackals
  3 quokkas (D:1)
  7 ball pythons
  8 bats
  A frilled lizard (D:1)
  9 kobolds
  4 rats
100 creatures vanquished.

Notes
Turn   | Place    | Note
-------+----------+-------------------------------------------
     0 | D:1      | Zeor the Minotaur Monk began the quest for the Orb.
     0 | D:1      | Reached XP level 1. HP: 19/19 MP: 0/0
   161 | D:1      | Reached XP level 2. HP: 27/27 MP: 1/1
   264 | D:1      | Reached skill level 4 in Long Blades
   889 | D:2      | Reached XP level 3. HP: 33/33 MP: 2/2
  1655 | D:3      | Reached XP level 4. HP: 41/41 MP: 3/3
  1981 | D:3      | Reached skill level 5 in Long Blades
  2005 | D:3      | Noticed Natasha
  2009 | D:3      | Killed Natasha
  2010 | D:3      | Reached XP level 5. HP: 39/47 MP: 4/4
  2033 | D:3      | Noticed Natasha
  2043 | D:3      | Killed Natasha
  2044 | D:3      | Reached skill level 5 in Fighting
  2069 | D:3      | Noticed Natasha
  2075 | D:3      | Killed Natasha
  2188 | D:3      | Noticed Terence
  2195 | D:3      | Killed Terence
  2292 | D:3      | Found a glowing golden altar of the Shining One.
  2312 | D:3      | Found a hide-covered altar of Uskayaw.
  2464 | D:3      | Became a worshipper of the Shining One
  2464 | D:3      | Reached * piety under the Shining One
  2464 | D:3      | Reached ** piety under the Shining One
  2558 | D:4      | Noticed a phantom
  2569 | D:4      | Killed a phantom
  2570 | D:4      | Reached skill level 6 in Long Blades
  2570 | D:4      | Reached XP level 6. HP: 56/56 MP: 5/5
  2612 | D:4      | Reached skill level 1 in Invocations
  2939 | D:4      | Reached skill level 7 in Long Blades
  2939 | D:4      | Reached XP level 7. HP: 63/63 MP: 7/7
  3194 | D:4      | Reached skill level 5 in Dodging
  3213 | D:4      | Reached skill level 1 in Stealth
  3541 | D:5      | Entered Level 5 of the Dungeon
  3614 | D:5      | Found Niacvuq's Weapon Shop.
  3704 | D:5      | Found a bloodstained altar of Trog.
  3751 | D:5      | HP: 2/64 [gnoll/+0 halberd[a gnoll sergeant] (12)]
  3751 | D:5      | Slain by a gnoll sergeant

Illustrated notes

Levels and vault maps discovered:
D:1:      psy_arrival_whirlpool, layout_basic, minmay_pentomino_t4
D:2:      layout_loops_corners
D:3:      layout_basic, tso_metal_star, mainiacjoe_overflow_alcove_1,
          uniq_terence, uniq_natasha
D:4:      layout_basic, minmay_misc_feat_encased
D:5:      layout_gridville, mainiacjoe_overflow_tiny_flanked,
          nicolae_dithmenos_through_a_glass_darkly,
          mainiacjoe_overflow_boulevard, mainiacjoe_overflow_cross_hatched,
          minmay_temple_entry_arrows, serial_shops, shop,
          nicolae_nh_oracle_at_delphi

Skill      XL: |  1  2  3  4  5  6  7 |
---------------+----------------------+-----
Fighting       | 4 5 6 |  6.5
Long Blades    | 4 5 6 7 |  7.6
Dodging        | 4 5 |  5.1
Invocations    | 1 2 |  2.3
Stealth        | 1 |  1.0
Armour         | |  0.6

Action                     |  1- 3 |  4- 6 |  7- 9 || total
---------------------------+-------+-------+-------++-------
  Melee: Falchion          |    67 |    87 |    41 ||   195
         Headbutt          |    18 |    25 |    10 ||    53
    Use: Scroll            |     5 |     1 |       ||     6
         Potion            |       |       |     2 ||     2
 Armour: Robe              |    31 |    35 |    10 ||    76
         Leather armour    |       |       |    15 ||    15
  Dodge: Dodged            |    42 |    40 |    31 ||   113
